 Dungeon Crawl Stone Soup version 0.31-a0-986-g5e6e4ef867 (webtiles) character file.

Game seed: 15324668684032434177

1577 horus123 the Fighter (level 8, 0/78 HPs)
             Began as a Minotaur Gladiator on Nov 8, 2023.
             Splashed by a jelly's acid (5 damage)
             ... on level 5 of the Dungeon.
             The game lasted 00:07:55 (5007 turns).

horus123 the Fighter (Minotaur Gladiator)           Turns: 5007, Time: 00:07:55

Health: 0/78       AC:  8    Str: 24    XL:     8   Next: 60%
Magic:  7/7        EV: 15    Int:  5    God:
Gold:   353        SH:  0    Dex: 12    Spells: 7/7 levels left

rFire   + . .        a - +0 trident
rCold   + + .        (no shield)
rNeg    + . .        l - +0 chain mail
rPois   .            c - +0 hat
rElec   .            m - scarf {rC+ rF+}
rCorr   .            k - +1 pair of gloves
SInv    .            (no boots)
Will    .....        (no amulet) Stlth
                     b - +6 ring of strength
HPRegen 0.33/turn    n - ring of the Chimera {rC+ rN+ EV+5 Str-3}
MPRegen 0.10/turn

%: no passive effects
@: corroded
A: horns 2, retaliatory headbutt
a: no special abilities


You were on level 5 of the Dungeon.
You visited 1 branch of the dungeon, and saw 7 of its levels.

You collected 353 gold pieces.

Inventory:

Hand Weapons
 a - a +0 trident (weapon)
Missiles
 d - 3 throwing nets (quivered)
 e - a javelin
Armour
 c - a +0 hat (worn)
 k - a +1 pair of gloves (worn)
 l - a +0 chain mail (worn)
 m - a scarf of resistance (worn)
Jewellery
 b - a +6 ring of strength (left hand)
 n - the ring of the Chimera (right hand) {rC+ rN+ EV+5 Str-3}
   (You took it off a kobold on level 2 of the Dungeon)

   [ring of evasion]

   EV+5:      It affects your evasion (+5).
   Str-3:     It affects your strength (-3).
   rC+:       It protects you from cold.
   rN+:       It protects you from negative energy.
 w - a ring of ice
 z - an amulet of magic regeneration
 A - a ring of positive energy
Wands
 p - a wand of flame (25)
Scrolls
 h - a scroll of blinking
 j - 2 scrolls of silence
 r - 2 scrolls of teleportation
 B - a scroll of torment {unknown}
Potions
 f - a potion of attraction {unknown}
 g - a potion of ambrosia {unknown}
 i - a potion of enlightenment {unknown}
 o - 2 potions of curing {unknown}
 q - a potion of mutation {unknown}
 t - a potion of degeneration {unknown}
 v - a potion of berserk rage {unknown}
 x - a potion of brilliance {unknown}


   Skills:
 + Level 9.2 Fighting
 - Level 7.0 Polearms
 - Level 2.0 Throwing
 - Level 6.0 Armour
 - Level 5.0 Dodging


You had 7 spell levels left.
You didn't know any spells.
Your spell library contained the following spells:

 Spells                   Type           Power      Damage    Failure   Level
 Apportation              Tloc           0%         N/A       95%         1
 Jinxbite                 Hex            0%         N/A       99%         2
 Sublimation of Blood     Necr           0%         N/A       99%         2
 Wereblood                Tmut           0%         N/A       99%         2
 Inner Flame              Hex/Fire       0%         N/A       100%        3
 Ozocubu's Armour         Ice            0%         N/A       100%        3
 Alistair's Intoxication  Tmut/Pois      0%         N/A       100%        5
 Yara's Violent Unravell  Hex/Tmut       0%         3d3       100%        5
 Enfeeble                 Hex            0%         N/A       100%        7
 Ozocubu's Refrigeration  Ice            0%         4d7       100%        7
 Summon Hydra             Summ           0%         N/A       100%        7


Dungeon Overview and Level Annotations

Branches:
Dungeon (7/15)
 Temple: D:4-7

Altars:
Dithmenos
Gozag
Makhleb
Nemelex Xobeh
Trog

Shops:
D:3 ?

Annotations:
D:3 2 transporters, Splishie's ghost, amateur GnSh


Innate Abilities, Weirdness & Mutations

You have a pair of horns on your head.
You reflexively headbutt those who attack you in melee.


Message History

You are too injured to fight recklessly!
Reach: a) +0 trident
Press: ? - help, Dir - move target, f/p - large slime creature
Aim: a large slime creature (almost dead, about 17% to evade your +0 trident)
You hit the large slime creature.
The large slime creature is almost dead.
The large slime creature closely misses you.
Unknown command.
Reach: a) +0 trident
Press: ? - help, Dir - move target, f/p - large slime creature
Aim: a large slime creature (almost dead, about 17% to evade your +0 trident)
You hit the large slime creature. You headbutt the large slime creature.
The large slime creature is almost dead.
The large slime creature hits you!!
* * * LOW HITPOINT WARNING * * *
Reach: a) +0 trident
Press: ? - help, Dir - move target, f/p - large slime creature
Aim: a large slime creature (almost dead, about 17% to evade your +0 trident)
You hit the large slime creature. You headbutt the large slime creature.
The large slime creature is almost dead.
The large slime creature misses you.
Unknown command.
Reach: a) +0 trident
Press: ? - help, Dir - move target, f/p - large slime creature
Aim: a large slime creature (almost dead, about 17% to evade your +0 trident)
You puncture the large slime creature!
You kill the large slime creature!
Your Fighting skill gained 2 levels and is now at level 9!
Unknown command.
Okay, then.
You hit the jelly. The acid corrodes you!
Your hands burn!
* * * LOW HITPOINT WARNING * * *
The jelly is lightly wounded.
The jelly closely misses you.
You hit the jelly.
Your hands burn!
* * * LOW HITPOINT WARNING * * *
The jelly is moderately wounded.
The jelly hits you but does no damage.
You hit the jelly but do no damage.
Your hands burn!
You die...

#..# #.......###.....##.. ##.#
#..........>.##.####
#.#########......)...... #...#
#######....... #####
########.......
##########....÷.##.......
#####......##J÷.PPP.##.......
#.##.....).#J#.÷..÷.##.....<.
##.'........#@#JJPP_.##.......
#..'........#.#..J...##...#.##
#..'......#'#)#JJP.P_##...#...
#..##.....#.#.#÷.....##..>..##
#.####....#.#.#....P.###.#..#.
#.)#########.##.....!###)#....
#...########## #..##.##
#...))....#############..##.##
##.####.#.................#.##


You could see 2 jellies.

Vanquished Creatures
  A slime creature (D:5)
  A yak (D:6)
  A water moccasin (D:5)
  Duvessa (D:4)
  A centaur (D:4)
  3 kobold brigands
  A scorpion (D:4)
  Dowan (D:4)
  A jelly (D:5)
  4 hounds
  2 iguanas (D:5)
  13 gnolls
  4 adders
  2 worms
  3 dart slugs
  13 orcs
  7 endoplasms
  3 giant cockroaches
  11 hobgoblins
  6 quokkas
  5 ball pythons
  8 bats
  7 frilled lizards
  11 goblins
  45 kobolds
  3 rats
158 creatures vanquished.

Notes
Turn   | Place    | Note
-------+----------+-------------------------------------------
     0 | D:1      | horus123 the Minotaur Gladiator began the quest for the
                  | Orb.
     0 | D:1      | Reached XP level 1. HP: 18/18 MP: 0/0
   199 | D:1      | Reached skill level 3 in Fighting
   249 | D:1      | Reached XP level 2. HP: 19/26 MP: 1/1
   364 | D:1      | Reached skill level 4 in Fighting
   409 | D:1      | Found a faded altar of an unknown god.
   542 | D:1      | Reached XP level 3. HP: 34/34 MP: 2/2
  1088 | D:2      | Reached skill level 5 in Fighting
  1255 | D:2      | Identified the ring of the Chimera {rC+ rN+ EV+5 Str-3}
  1264 | D:2      | Reached XP level 4. HP: 42/42 MP: 3/3
  1815 | D:3      | Found a transporter.
  1817 | D:3      | Noticed Splishie's ghost (amateur GnSh)
  2178 | D:3      | Reached skill level 6 in Fighting
  2211 | D:3      | Found Jehieg's Magic Scroll Shop.
  2278 | D:3      | Reached XP level 5. HP: 50/50 MP: 4/4
  2388 | D:3      | Reached skill level 5 in Polearms
  2482 | D:3      | Reached XP level 6. HP: 57/57 MP: 5/5
  2637 | D:3      | Found a transporter.
  2932 | D:4      | Noticed Duvessa
  2933 | D:4      | Noticed Dowan
  2948 | D:4      | Killed Duvessa
  2952 | D:4      | Killed Dowan
  2953 | D:4      | Reached XP level 7. HP: 8/63 MP: 6/6
  3318 | D:4      | You fall into a shaft and drop 3 floors!
  3338 | D:7      | Noticed a yak
  3345 | D:7      | Noticed a yak
  3345 | D:7      | Noticed a yak
  3353 | D:7      | Noticed a yak
  3353 | D:7      | Noticed a yak
  3354 | D:7      | Noticed a yak
  3384 | D:6      | Killed a yak
  3385 | D:6      | Reached skill level 5 in Armour
  3506 | D:5      | Entered Level 5 of the Dungeon
  4182 | D:5      | Reached skill level 5 in Dodging
  4416 | D:5      | Reached XP level 8. HP: 64/70 MP: 7/7
  4879 | D:5      | Reached skill level 7 in Fighting
  4979 | D:5      | Found a sparkling altar of Nemelex Xobeh.
  4979 | D:5      | Found an opulent altar of Gozag.
  4979 | D:5      | Found a shadowy altar of Dithmenos.
  4979 | D:5      | Found a shadowy altar of Dithmenos.
  4979 | D:5      | Found a burning altar of Makhleb.
  4979 | D:5      | Found a bloodstained altar of Trog.
  4979 | D:5      | Noticed a slime creature
  4979 | D:5      | Noticed a slime creature
  4979 | D:5      | Noticed a slime creature
  5004 | D:5      | Killed a large slime creature
  5005 | D:5      | Reached skill level 9 in Fighting
  5007 | D:5      | Splashed by a jelly's acid

Illustrated notes

Levels and vault maps discovered:
D:1:      wander_arrival_desolate, layout_loops_ring,
          shapermc_ecumenical_altar_mp_vishouse, hangedman_feature_mirror,
          chequers_jeans
D:2:      layout_basic
D:3:      minmay_goblin_kobold_castle, layout_loops_cross, serial_shops,
          nicolae_shop_rolled_up, gammafunk_ghost_mausoleum
D:4:      layout_basic, columned_hall_lemuel, uniq_duvessa
D:5:      cheibrodos_fertilizer, layout_rooms, nicolae_kite_square_tiling_tiny,
          minmay_misc_feat_ornament
D:6:      layout_cave_pools, serial_column_ruins, column_ruins_open_tiny,
          column_ruins_open_small, column_ruins_columns_straight,
          column_ruins_open_medium, column_ruins_open_medium,
          column_ruins_grid_4, column_ruins_open_small_water
D:7:      layout_rooms, mainiacjoe_overflow_catwalk, lemuel_tele_altar,
          minmay_temple_entry_glass, serial_shops,
          nicolae_shop_tiny_statue_garden, shop

Skill      XL: |  1  2  3  4  5  6  7  8 |
---------------+-------------------------+-----
Fighting       | 3 4 5 6 9 |  9.2
Polearms       | 4 6 7 |  7.0
Armour         | 3 6 |  6.0
Dodging        | 5 |  5.0
Throwing       | |  2.0

Action                     |  1- 3 |  4- 6 |  7- 9 || total
---------------------------+-------+-------+-------++-------
  Melee: Trident           |   107 |   171 |   132 ||   410
         Headbutt          |    15 |    18 |    19 ||    52
         Punch             |       |     3 |       ||     3
    Use: Scroll            |       |     2 |     4 ||     6
 Armour: Leather armour    |    23 |       |       ||    23
         Scale mail        |    11 |       |       ||    11
         Chain mail        |     9 |    53 |    73 ||   135
  Dodge: Dodged            |    29 |    63 |    86 ||   178

Table legend: (Time is in decaauts)
 A = Elapsed time spent in this place.
 B = Non-inter-level travel time spent in this place.
 C = Inter-level travel time spent in this place.
 D = Time resting spent in this place.
 E = Time spent auto-exploring this place.
 F = Levels seen in this place.
 G = Mean time per level.
                   A        B        C        D        E       F      G
               +--------+--------+--------+--------+--------+-----+--------+
         Total |   5027 |   4938 |     89 |    906 |   3032 |   7 |  718.1 |
       Dungeon |   5027 |   4938 |     89 |    906 |   3032 |   7 |  718.1 |
               +--------+--------+--------+--------+--------+-----+--------+

Top non-repeatable levels by time:
     D:3: 1186 daAuts
     D:4: 1041 daAuts
     D:1: 915 daAuts
     D:5: 890 daAuts
     D:2: 806 daAuts
     D:6: 126 daAuts
     D:7: 60 daAuts
